 Dungeon Sprint DCSS version 0.29-a0-322-g68df515428 (webtiles) character file.

Game seed: 2969059742510003231

259475 mdonais the Metallomancer (level 27, 178/178 HPs)
             Began as an Octopode Brigand on Apr 9, 2022.
             Was an Initiate of Gozag.
             Escaped with the Orb!
             The game lasted 01:45:42 (4090 turns).

mdonais the Metallomancer (Octopode Brigand)        Turns: 4090, Time: 01:45:43

Health: 178/178    AC:  6    Str: 10    XL:     27
Magic:  43/57      EV: 37    Int: 49    God:    Gozag
Gold:   8049       SH: 22    Dex: 29    Spells: 18/69 levels left

rFire   + + .      SeeInvis +     - Unarmed
rCold   + + .      Faith    .   D - +5 kite shield "Setud" {Harm rF+}
rNeg    + . .      Spirit   .   v - +5 hat of Complete Protection {rElec rC+ Regen+}
rPois   +          Reflect  .   N - amulet "Haorulume" {RegenMP Str-3 Int+8}
rElec   +          Harm     +   S - +6 ring of intelligence
rCorr   +          Rampage  .   l - ring "Upaeprom" {Int+4 Slay+4}
Will    +++++      Rage     1%  k - ring of Jiumnoa {rN+ rCorr Int+2 Slay+3}
Stlth   ++........ NoTele   +   s - ring of see invisible
HPRegen 1.19/turn               j - ring of Rajupno {rC+ Will+++ MP+9 Int-2 Dex+3}
MPRegen 0.75/turn               n - ring of the Sun {Drain rPois rF+ Int+7}
                                p - ring "Rahabon" {EV+4 Str+2 Int+4}
                                q - ring "Voynanen" {Int+2 Dex+6}

@: gold aura, bribing [the Dungeon]
A: almost no armour, amphibious, 8 rings, camouflage 1, gelatinous body 1,
(nimble swimmer 1), tentacles, berserk 1, frail 1, weak 1
0: Orb of Zot
}: 5/15 runes: decaying, barnacled, slimy, elven, silver
a: Renounce Religion, Potion Petition, Call Merchant, Bribe Branch


You escaped.
You worshipped Gozag.
Gozag was greatly pleased with you.
You visited 1 branch You collected 41178 gold pieces.
You spent 17049 gold pieces at shops.
You paid 16080 gold pieces to Gozag.

Inventory:

Missiles
 b - 3 poisoned darts
 F - a curare-tipped dart (quivered)
 G - 4 datura-tipped darts
 J - 16 atropa-tipped darts
Armour
 v - the +5 hat of Complete Protection (worn) {rElec rC+ Regen+}
   (You bought it in a shop in the Dungeon)

   rC:        It protects you from cold.
   rElec:     It insulates you from electricity.
   Regen:     It increases your rate of health regeneration.
 D - the +5 kite shield "Setud" (worn) {Harm rF+}
   (You bought it in a shop in the Dungeon)

   rF:        It protects you from fire.
   Harm:      It increases damage dealt and taken.
Magical Staves
 a - a staff of air
   (You found it in the Dungeon)
 K - a staff of earth
   (You bought it in a shop in the Dungeon)
 P - a staff of conjuration
   (You found it in the Dungeon)
Jewellery
 i - the ring "Caqehev" {Wiz rPois}
   (You bought it in a shop in the Dungeon)

   [ring of wizardry]

   It improves your spell success rate.
   rPois:     It protects you from poison.
 j - the ring of Rajupno (on tentacle) {rC+ Will+++ MP+9 Int-2 Dex+3}
   (You bought it in a shop in the Dungeon)

   [ring of protection from cold]

   Int:       It affects your intelligence (-2).
   Dex:       It affects your dexterity (+3).
   rC:        It protects you from cold.
   MP:        It affects your magic capacity (+9).
   Will:      It greatly increases your willpower.
 k - the ring of Jiumnoa (on tentacle) {rN+ rCorr Int+2 Slay+3}
   (You bought it in a shop in the Dungeon)

   [ring of resist corrosion]

   Int:       It affects your intelligence (+2).
   Slay:      It affects your accuracy & damage with ranged weapons and melee
   (+3).
   rN:        It protects you from negative energy.
   rCorr:     It protects you from acid and corrosion.
 l - the ring "Upaeprom" (right tentacle) {Int+4 Slay+4}
   (You bought it in a shop in the Dungeon)

   [ring of slaying]

   Int:       It affects your intelligence (+4).
   Slay:      It affects your accuracy & damage with ranged weapons and melee
   (+4).
 n - the ring of the Sun (on tentacle) {Drain rPois rF+ Int+7}
   (You bought it in a shop in the Dungeon)

   [ring of protection from fire]

   Int:       It affects your intelligence (+7).
   rF:        It protects you from fire.
   rPois:     It protects you from poison.
   Drain:     It drains your maximum health when unequipped.
 o - the amulet "Ofeiryg" {RegenMP rPois Regen+}
   (You bought it in a shop in the Dungeon)

   [amulet of magic regeneration]

   It increases your rate of magic regeneration.
   rPois:     It protects you from poison.
   Regen:     It increases your rate of health regeneration.
 p - the ring "Rahabon" (on tentacle) {EV+4 Str+2 Int+4}
   (You bought it in a shop in the Dungeon)

   [ring of evasion]

   EV:        It affects your evasion (+4).
   Str:       It affects your strength (+2).
   Int:       It affects your intelligence (+4).
 q - the ring "Voynanen" (on tentacle) {Int+2 Dex+6}
   (You bought it in a shop in the Dungeon)

   [ring of dexterity]

   Int:       It affects your intelligence (+2).
   Dex:       It affects your dexterity (+6).
 s - a ring of see invisible (on tentacle)
   (You bought it in a shop in the Dungeon)
 t - the ring "Qeoc" {Wiz Will+}
   (You bought it in a shop in the Dungeon)

   [ring of wizardry]

   It improves your spell success rate.
   Will:      It increases your willpower.
 u - the ring "Pickuvvu" {Fly rElec rF+ Slay+3}
   (You bought it in a shop in the Dungeon)

   [ring of flight]

   Slay:      It affects your accuracy & damage with ranged weapons and melee
   (+3).
   rF:        It protects you from fire.
   rElec:     It insulates you from electricity.
   Fly:       It grants you flight.
 w - the ring "Hessatt" {rCorr Dex+4}
   (You bought it in a shop in the Dungeon)

   [ring of resist corrosion]

   Dex:       It affects your dexterity (+4).
   rCorr:     It protects you from acid and corrosion.
 N - the amulet "Haorulume" (around mantle) {RegenMP Str-3 Int+8}
   (You bought it in a shop in the Dungeon)

   [amulet of magic regeneration]

   It increases your rate of magic regeneration.
   Str:       It affects your strength (-3).
   Int:       It affects your intelligence (+8).
 O - the ring "Ete Ofot" {rElec Will+ rCorr Slay+2}
   (You bought it in a shop in the Dungeon)

   [ring of resist corrosion]

   Slay:      It affects your accuracy & damage with ranged weapons and melee
   (+2).
   rElec:     It insulates you from electricity.
   rCorr:     It protects you from acid and corrosion.
   Will:      It increases your willpower.
 S - a +6 ring of intelligence (left tentacle)
   (You bought it in a shop in the Dungeon)
Scrolls
 d - 15 scrolls of fog
 f - a scroll of amnesia
 y - a scroll of holy word
 B - 10 scrolls of blinking
 L - a scroll of vulnerability
 R - 2 scrolls of identify
Potions
 c - a potion of resistance
 e - 13 potions of heal wounds
 g - 8 potions of magic
 h - a potion of berserk rage
 r - 6 potions of brilliance
 A - 4 potions of mutation
 E - a potion of cancellation
 H - 9 potions of haste
 Q - 6 potions of curing
Miscellaneous
 m - a quad damage
   (You bought it in a shop in the Dungeon)
 x - a condenser vane
   (You found it in the Dungeon)
 z - the horn of Geryon
   (You took it off Geryon in the Dungeon)
 C - a quad damage
   (You bought it in a shop in the Dungeon)
 I - a quad damage
   (You bought it in a shop in the Dungeon)


   Skills:
 - Level 19.0 Fighting
 - Level 5.8 Short Blades
 - Level 5.8 Throwing
 - Level 19.0 Dodging
 - Level 10.0 Stealth
 - Level 16.0 Shields
 - Level 18.0 Unarmed Combat
 + Level 21.7 Spellcasting
 - Level 20.0 Conjurations
 - Level 9.0 Transmutations
 - Level 20.0 Air Magic
 - Level 24.0 Earth Magic
 - Level 3.0 Evocations


You had 18 spell levels left.
You knew the following spells:

 Your Spells              Type           Power      Damage    Failure   Level
a - Maxwell's Capacitive  Air            64%        ∞         1%          8
b - Statue Form           Tmut/Erth      80%        N/A       1%          6
c - Shatter               Erth           68%        3d50*     2%          9
d - Iron Shot             Conj/Erth      66%        9d12      0%          6
e - Chain Lightning       Conj/Air       64%        3d86      13%         9
f - Lehudib's Crystal Sp  Conj/Erth      66%        10d15     1%          8
g - Lee's Rapid Deconstr  Erth           68%        3d32*     0%          5

Your spell library contained the following spells:

 Spells                   Type           Power      Damage    Failure   Level
 Stone Arrow              Conj/Erth      100%       3d13      0%          3
 Iskenderun's Battlesphe  Conj           100%       2d15      0%          5
 Leda's Liquefaction      Hex/Erth       53%        N/A       1%          4
 Summon Lightning Spire   Summ/Air       100%       N/A       1%          4
 Storm Form               Tmut/Air       57%        N/A       1%          7
 Spellforged Servitor     Conj/Summ      50%        N/A       7%          7
 Fire Storm               Conj/Fire      50%        8d13      100%        9
 Animate Armour           Summ/Erth      Unusable   N/A       N/A         4

Dungeon Overview and Level Annotations

Branches:
Dungeon (1/1)

Altars:
Cheibriados
Dithmenos
Fedhas
Gozag
Kikubaaqudgha
Makhleb
Okawaru
Qazlal
Ru
Sif Muna
Trog
Uskayaw
Vehumet
Wu Jian
Xom
Yredelemnul
Zin
The Shining One
Beogh
Lugonu

Shops:
D [?**?=*?**[****=:[((!!!


Innate Abilities, Weirdness & Mutations

You cannot wear most types of armour.
You are amphibious.
You can wear up to eight rings at the same time.
Your skin changes colour to match your surroundings (Stealth+).
Your rubbery body absorbs attacks. (AC +1, EV +1)
((You are camouflaged when in or above water. (Stealth+)))
You have tentacles for arms and can constrict up to eight enemies at once.
You tend to lose your temper in combat.
You are frail. (-10% HP)
You are weak. (Str -2)


Message History

The glob of acid hits you! You resist.
You take 9 damage, and have 222/231 hp.
You now have 42/56 mp.
Casting: Lehudib's Crystal Spear (mildly dangerous; 1% risk of failure)
Confirm with . or Enter, or press ? or * to list all spells.
Aiming: Lehudib's Crystal Spear (mildly dangerous; 1% risk of failure)
Press: ? - help, Shift-Dir - straight line, f/p - Tiamat
Aim: Tiamat, wielding a +3 demon trident of venom and wearing the +4 dragonskin cloak (lightly wounded, 84% to hit)
The crystal spear hits Tiamat!!!!
Tiamat is heavily wounded.
The Orb Guardian is no longer distracted by gold.
The Orb Guardian is distracted by your dazzling golden aura.
The electric golem hurls lightning at you.
The bolt of lightning misses you.
Tiamat is distracted by your dazzling golden aura.
You now have 34/56 mp.
Casting: Lehudib's Crystal Spear (mildly dangerous; 1% risk of failure)
Confirm with . or Enter, or press ? or * to list all spells.
Aiming: Lehudib's Crystal Spear (mildly dangerous; 1% risk of failure)
Press: ? - help, Shift-Dir - straight line, f/p - Tiamat
Aim: Tiamat, wielding a +3 demon trident of venom and wearing the +4 dragonskin cloak (heavily wounded, unaware, hasn't noticed you, 84% to hit)
The crystal spear hits Tiamat!!!
Tiamat is severely wounded.
Tiamat is no longer distracted by gold.
The electric golem is distracted by your dazzling golden aura.
You block Tiamat's attack.
You now have 27/56 mp.
Casting: Lehudib's Crystal Spear (mildly dangerous; 1% risk of failure)
Confirm with . or Enter, or press ? or * to list all spells.
Aiming: Lehudib's Crystal Spear (mildly dangerous; 1% risk of failure)
Press: ? - help, Shift-Dir - straight line, f/p - Tiamat
Aim: Tiamat, wielding a +3 demon trident of venom and wearing the +4 dragonskin cloak (severely wounded, 84% to hit)
The crystal spear hits Tiamat!!!!
Tiamat is almost dead. 10...
The Killer Klown is distracted by your dazzling golden aura.
Tiamat breathes frost at you. The blast of cold misses you.
You now have 20/56 mp.
Casting: Lehudib's Crystal Spear (mildly dangerous; 1% risk of failure)
Confirm with . or Enter, or press ? or * to list all spells.
Aiming: Lehudib's Crystal Spear (mildly dangerous; 1% risk of failure)
Press: ? - help, Shift-Dir - straight line, f/p - Tiamat
Aim: Tiamat, wielding a +3 demon trident of venom and wearing the +4 dragonskin cloak (almost dead, catching her breath, 84% to hit)
The crystal spear hits Tiamat!!!!
You kill Tiamat!
The Killer Klown shouts!
Your Spellcasting skill increases to level 21!
Your Conjurations skill increases to level 19!
You regained 2 hp, and now have 227/231 hp.
You now have 12/57 mp.
The Orb Guardian is no longer distracted by gold.
The Killer Klown is no longer distracted by gold.
You see here a +0 robe.
You closely miss the Killer Klown. You grab the Killer Klown.
You tentacle-slap the Killer Klown, but do no damage.
You squeeze the Killer Klown!!
The Killer Klown is lightly wounded.
You constrict the Killer Klown, but do no damage.
The electric golem is no longer distracted by gold.
The electric golem is distracted by your dazzling golden aura.
You block the Killer Klown's attack.
You batter the Killer Klown!! You squeeze the Killer Klown!
The Killer Klown is heavily wounded.
You constrict the Killer Klown, but do no damage.
You block the Killer Klown's attack.
You thrash the Killer Klown!!!
You squeeze the Killer Klown, but do no damage.
The Killer Klown is severely wounded.
You constrict the Killer Klown. The Orb Guardian completely misses you.
The Killer Klown pies you viciously! You block the klown pie.
Health restored: 231 You batter the Killer Klown!!
You kill the Killer Klown! 5...
You batter the Orb Guardian!!
The Orb Guardian is heavily wounded.
The electric golem is no longer distracted by gold.
You block the Orb Guardian's attack.
You thrash the Orb Guardian!!!
You kill the Orb Guardian! 4...
The electric golem hurls lightning at you.
The bolt of lightning hits you! You resist.
Training target 20.0 for Conjurations reached!
Your Conjurations skill increases to level 20!
You take 10 damage, and have 221/231 hp. 3...
You block the electric golem's attack. x2
The electric golem hits you but does no damage.
The electric golem completely misses you.
You closely miss the electric golem.
The electric golem is severely damaged. 2...
The electric golem blinks! 1...
You block the electric golem's attack. x2
The electric golem completely misses you.
The electric golem hits you but does no damage.
The electric golem completely misses you.
The electric golem barely misses you. You block the electric golem's attack.
The electric golem completely misses you.
You see here a +0 robe.
You regained 2 hp, and now have 225/231 hp.
You batter the electric golem!!
You destroy the electric golem!
Time's up!
The arena falls silent.
The Orb of Zot has appeared in the centre of the arena!
You lost your score multiplier.
You now have 51895 arena points (gained 540).
You now have 6204 gold pieces (gained 270).
You regained 3 hp, and now have 228/231 hp.
You now have 6258 gold pieces (gained 54).
You see here a +0 halberd.
You regained 2 hp, and now have 230/231 hp.
You regained 2 mp, and now have 22/57 mp.
Your transformation is almost over.
You now have 6312 gold pieces (gained 54).
Things that are here:
the +4 dragonskin cloak; a +3 demon trident of venom Health restored: 231 Your extra speed is starting to run out.
You now have 6492 gold pieces (gained 180).
You now have 6978 gold pieces (gained 486).
There is an entrance to Piaferchi's Jewellery Emporium here.
You regained 2 mp, and now have 27/57 mp.
You feel yourself slow down.
There is a staircase leading out of the dungeon here.
You see here the Orb of Zot.
You pick up the Orb of Zot!
The Orb lets out a hideous shriek!
The lords of Pandemonium are not amused.
Beware!
Now all you have to do is get back out of the dungeon!
You revert to your normal fleshy form.
You now have 178/178 hp.
The shadow demon stares, then turns away, jangling a coin purse.
A shadow demon comes into view.
You see here a +0 halberd.
You now have 7158 gold pieces (gained 180).
You now have 7437 gold pieces (gained 279).
You regained 2 mp, and now have 33/57 mp.
You now have 7572 gold pieces (gained 135).
You now have 7761 gold pieces (gained 189).
You regained 2 mp, and now have 36/57 mp.
You now have 8022 gold pieces (gained 261).
You now have 8049 gold pieces (gained 27).
You see here a +11 club of holy wrath.
You regained 2 mp, and now have 40/57 mp.
There is a staircase leading out of the dungeon here.
You have escaped!

▓▓...)...[.._.▓▓▓
▓....[.[........▓
▓▓▓▓▓▓.⌠[.)..$)....[.▓▓▓▓▓▓
▓▓.......)...)[.).....)..).▓▓
▓▓..._._.)...[..[.....[_._∩..▓▓▓
▓#.."....).[.............)..∩.#.▓
#........[...[..[..........[...##
.⌠.........[)∩.)[...)....[..)..⌠#
#⌠.......)..)...@.∩.......[....⌠#
#⌠).....).∩∩∩.∩.∩.)...)))......⌠#
.#.......[....)..∩.......)X.....#
▓...∩........).)∩.......[.[.∩..#▓
▓▓▓..∩___...(......)....___∩..▓▓
▓▓...........).∩...........▓▓
▓▓▓▓▓▓.⌠)..........⌠.▓▓▓▓▓▓
▓.......$.......▓
▓▓▓........._.▓▓▓


There were no monsters in sight!

Vanquished Creatures
  Tiamat (D)
  An ancient lich (D)
  An acid blob (D)
  A deep elf elementalist (D)
  Frederick (D)
  the Lernaean hydra (D)
  A Killer Klown (D)
  Geryon (D)
  Nellie (D)
  An electric golem (D)
  4 iron giants (D)
  Rupert (D)
  2 liches (D)
  A Hell Sentinel (D)
  3 Orb Guardians (D)
  4 quicksilver dragons (D)
  3 Ice Fiends (D)
  A deep elf master archer (D)
  A titan (D)
  An azure jelly (D)
  3 iron dragons (D)
  A merfolk avatar (D)
  A ghost moth (D)
  A quicksilver elemental (D)
  A quicksilver ooze (D)
  4 reapers (D)
  A stone giant (D)
  An eleionoma (D)
  A wendigo (D)
  A bunyip (D)
  A dire elephant (D)
  6 blizzard demons (D)
  2 vault guards (D)
  3 hydras (D)
  2 ogre magi (D)
  25 boulder beetles (D)
  2 hell hogs (D)
  2 iron elementals (D)
  2 vampire magi (D)
  5 sun demons (D)
  2 soul eaters (D)
  16 skeletal warriors (D)
  A crystal echidna (D)
  20 orb spiders (D)
  An orc knight (D)
  3 swamp dragons (D)
  2 deep elf zephyrmancers (D)
  2 necromancers (D)
  10 ugly things (D)
  A will-o-the-wisp (D)
  A shining eye (D)
  2 moths of wrath (D)
  2 naga magi (D)
  A rime drake (D)
  2 efreet (D)
  A demonic crawler (D)
  2 komodo dragons (D)
  4 ice devils (D)
  15 tormentors (D)
  2 guardian mummies (D)
  3 hornets (D)
  A dream sheep (D)
  2 slime creatures (D)
  3 spriggans (D)
  2 fire elementals (D)
  A fire bat (D)
  22 neqoxecs (D)
  A vampire mosquito (D)
  Menkaure (D)
  A water moccasin (D)
  2 hell hounds (D)
  A floating eye (D)
  4 orc warriors (D)
  A wolf (D)
  Blork the orc (D)
  3 scorpions (D)
  4 jellies (D)
  3 orc priests (D)
  A hell rat (D)
  3 orc wizards (D)
  3 mummies (D)
  2 worms (D)
  4 orcs (D)
  An endoplasm (D)
  A giant cockroach simulacrum (D)
257 creatures vanquished.

Vanquished Creatures (collateral kills)
  An electric golem (D)
  An Orb Guardian (D)
2 creatures vanquished.

Vanquished Creatures (others)
  7 Orb Guardians (D)
  A purple draconian (D)
  3 foxfires (D)
11 creatures vanquished.

Grand Total: 270 creatures vanquished

Notes
Turn   | Place    | Note
-------+----------+-------------------------------------------
     0 | D        | mdonais the Octopode Brigand began the quest for the Orb.
     0 | D        | Reached XP level 1. HP: 14/14 MP: 1/1
     2 | D        | Found a burning altar of Makhleb.
     2 | D        | Found an opulent altar of Gozag.
     3 | D        | Found a bloodstained altar of Trog.
     4 | D        | Found a sacrificial altar of Ru.
     4 | D        | Found an ancient bone altar of Kikubaaqudgha.
     5 | D        | Found a glowing silver altar of Zin.
     5 | D        | Found Deomobb's Staff Store.
     5 | D        | Found Xytriex's Magic Scroll Shop.
     5 | D        | Round 1.
     6 | D        | Found a hide-covered altar of Uskayaw.
     6 | D        | Found Vuhaz's Must-Have Magic.
     6 | D        | Found Peigg's Magic Scroll Shop.
     8 | D        | Noticed a scorpion
    10 | D        | Became a worshipper of Gozag Ym Sagoz the Greedy
    15 | D        | Killed a scorpion
    16 | D        | Reached XP level 2. HP: 22/22 MP: 2/2
    16 | D        | Reached XP level 3. HP: 27/27 MP: 3/3
    16 | D        | Reached XP level 4. HP: 33/33 MP: 4/4
    27 | D        | Noticed a scorpion
    33 | D        | Killed a scorpion
    34 | D        | Reached skill level 5 in Fighting
    34 | D        | Reached skill level 5 in Short Blades
    34 | D        | Reached skill level 5 in Throwing
    34 | D        | Reached XP level 5. HP: 39/39 MP: 5/5
    49 | D        | Reached skill level 5 in Dodging
    60 | D        | Found a shimmering blue altar of Sif Muna.
    66 | D        | Found a blossoming altar of Fedhas.
    66 | D        | Found Noshra Roniu's Jewellery.
    67 | D        | Found Tezuca's Advanced Armour.
    68 | D        | Found a shimmering altar of Xom.
    68 | D        | Found a basalt altar of Yredelemnul.
    68 | D        | Found Ciruuk's Identification Station.
    83 | D        | Bought a crude jade ring for 45 gold pieces
    83 | D        | Identified the ring of Edidufia {Fire Drain +Blink Str+3}
                  | (You bought it in a shop in the Dungeon)
    83 | D        | Bought a faintly glowing platinum ring for 45 gold pieces
    83 | D        | Identified the ring "Caqehev" {Wiz rPois} (You bought it in
                  | a shop in the Dungeon)
    83 | D        | Bought a glittering ivory ring for 45 gold pieces
    83 | D        | Identified the ring "Vunar" {rN+ Dex+3} (You bought it in a
                  | shop in the Dungeon)
    83 | D        | Bought a coiled wooden ring for 45 gold pieces
    83 | D        | Identified the ring of Jiumnoa {rN+ rCorr Int+2 Slay+3}
                  | (You bought it in a shop in the Dungeon)
    83 | D        | Bought a heavily runed iron ring for 45 gold pieces
    83 | D        | Identified the ring "Upaeprom" {Int+4 Slay+4} (You bought
                  | it in a shop in the Dungeon)
    87 | D        | Bought a brightly glowing amber ring for 45 gold pieces
    87 | D        | Identified the ring "Esatuhol" {Will+ Str+2} (You bought it
                  | in a shop in the Dungeon)
    87 | D        | Bought a bound golden ring for 45 gold pieces
    87 | D        | Identified the ring of the Sun {Drain rPois rF+ Int+7} (You
                  | bought it in a shop in the Dungeon)
    87 | D        | Bought a slimy sapphire amulet for 45 gold pieces
    87 | D        | Identified the amulet "Ofeiryg" {RegenMP rPois Regen+} (You
                  | bought it in a shop in the Dungeon)
   110 | D        | Arena points: 12 (+12) [x2]
   126 | D        | Found an iron altar of Okawaru.
   127 | D        | Found a snail-covered altar of Cheibriados.
   127 | D        | Found a stormy altar of Qazlal.
   128 | D        | Found a radiant altar of Vehumet.
   128 | D        | Found a corrupted altar of Lugonu.
   128 | D        | Found Difril's Premium Goods.
   128 | D        | Found Apsoub's Weapon Rack.
   129 | D        | Found Bupsuit's Miscellaneous Merchandise.
   129 | D        | Found Numayxow's Basic Armour.
   147 | D        | Found an ornate altar of the Wu Jian Council.
   149 | D        | Found a glowing golden altar of the Shining One.
   149 | D        | Found a shadowy altar of Dithmenos.
   149 | D        | Found Alatop's Do-It-Yourself Clinic.
   149 | D        | Found Fyng's Bottled Wisdom.
   150 | D        | Found Vaviyfoa's Distillery.
   151 | D        | Found Miwaiteg's Distillery.
   167 | D        | Round 2.
   171 | D        | Reached skill level 1 in Evocations
   238 | D        | Noticed Blork the orc
   252 | D        | Killed Blork the orc
   253 | D        | Reached XP level 6. HP: 47/47 MP: 6/6
   275 | D        | Bought a book of the Earth for 252 gold pieces
   294 | D        | Bought a clouded ivory ring for 45 gold pieces
   294 | D        | Identified the ring "Rahabon" {EV+4 Str+2 Int+4} (You
                  | bought it in a shop in the Dungeon)
   294 | D        | Bought a clouded glass ring for 45 gold pieces
   294 | D        | Identified the ring "Losinurch" {Fire *Slow rCorr Str+3
                  | Stlth+} (You bought it in a shop in the Dungeon)
   358 | D        | Arena points: 54 (+42) [x3]
   370 | D        | Bought a clouded silver ring for 45 gold pieces
   370 | D        | Identified the ring "Voynanen" {Int+2 Dex+6} (You bought it
                  | in a shop in the Dungeon)
   371 | D        | Bought a slimy jade ring for 45 gold pieces
   371 | D        | Identified the ring "Qeoc" {Wiz Will+} (You bought it in a
                  | shop in the Dungeon)
   371 | D        | Bought a smoking ivory ring for 45 gold pieces
   371 | D        | Identified the ring "Pickuvvu" {Fly rElec rF+ Slay+3} (You
                  | bought it in a shop in the Dungeon)
   375 | D        | Round 3.
   409 | D        | Noticed a guardian mummy
   420 | D        | Killed a guardian mummy
   421 | D        | Reached XP level 7. HP: 54/57 MP: 7/7
   426 | D        | Noticed Menkaure
   438 | D        | Killed Menkaure
   439 | D        | Reached skill level 10 in Fighting
   507 | D        | Noticed a guardian mummy
   523 | D        | Killed a guardian mummy
   523 | D        | Arena points: 138 (+84) [x4]
   524 | D        | Reached skill level 3 in Earth Magic
   524 | D        | Reached XP level 8. HP: 35/64 MP: 7/12
   542 | D        | Bought a twisted hat for 315 gold pieces
   542 | D        | Identified the +5 hat of Complete Protection {rElec rC+
                  | Regen+} (You bought it in a shop in the Dungeon)
   553 | D        | Bought a transparent iron ring for 45 gold pieces
   553 | D        | Identified the ring "Hessatt" {rCorr Dex+4} (You bought it
                  | in a shop in the Dungeon)
   562 | D        | Learned a level 6 spell: Statue Form
   568 | D        | Learned a level 5 spell: Lee's Rapid Deconstruction
   573 | D        | Round 4.
   636 | D        | Reached skill level 4 in Earth Magic
   655 | D        | Bought a slimy buckler for 332 gold pieces
   655 | D        | Identified the +2 buckler of the Blushing Gods {rC+ Stlth+}
                  | (You bought it in a shop in the Dungeon)
   661 | D        | Noticed a shining eye
   669 | D        | Killed a shining eye
   669 | D        | Arena points: 298 (+160) [x5]
   670 | D        | Reached skill level 5 in Spellcasting
   670 | D        | Reached skill level 5 in Transmutations
   670 | D        | Reached skill level 5 in Earth Magic
   694 | D        | Bought a brightly glowing amethyst amulet for 45 gold
                  | pieces
   694 | D        | Identified the amulet of Cuydor {Spirit +Inv} (You bought
                  | it in a shop in the Dungeon)
   694 | D        | Bought a pitted diamond amulet for 45 gold pieces
   694 | D        | Identified the amulet "Naziurgh" {Acrobat rC+++ rCorr
                  | Slay-3} (You bought it in a shop in the Dungeon)
   720 | D        | Round 5.
   731 | D        | Noticed the 27-headed Lernaean hydra
   762 | D        | Noticed a spriggan rider
   779 | D        | Killed a spriggan
   780 | D        | Reached skill level 6 in Earth Magic
   783 | D        | Killed a hornet
   784 | D        | Reached XP level 9. HP: 63/70 MP: 7/17
   788 | D        | Reached skill level 7 in Earth Magic
   797 | D        | Noticed a will-o-the-wisp
   857 | D        | Killed a will-o-the-wisp
   858 | D        | Reached skill level 8 in Earth Magic
   869 | D        | Killed the 27-headed Lernaean hydra
   869 | D        | Arena points: 578 (+280) [x7]
   870 | D        | Reached skill level 10 in Unarmed Combat
   870 | D        | Reached skill level 5 in Shields
   870 | D        | Reached XP level 10. HP: 77/77 MP: 5/19
   870 | D        | Got a decaying rune of Zot
   884 | D        | Reached XP level 11. HP: 82/82 MP: 11/20
   910 | D        | Bought 2 potions of experience for 600 gold pieces
   910 | D        | Reached skill level 10 in Dodging
   910 | D        | Reached skill level 9 in Earth Magic
   910 | D        | Reached XP level 12. HP: 90/90 MP: 21/21
   911 | D        | Reached XP level 13. HP: 95/95 MP: 22/22
   952 | D        | Bought a scintillating lead amulet for 45 gold pieces
   952 | D        | Identified the amulet of the Philosopher {RegenMP Str+2}
                  | (You bought it in a shop in the Dungeon)
  1061 | D        | Round 6.
  1063 | D        | Noticed Rupert
  1072 | D        | Killed Rupert
  1108 | D        | Arena points: 962 (+384) [x8]
  1126 | D        | Round 7.
  1135 | D        | Gained mutation: You are dopey. (Int -2) [a neqoxec]
  1135 | D        | Gained mutation: You are weak. (Str -2) [a neqoxec]
  1140 | D        | Gained mutation: You are frail. (-10% HP) [a neqoxec]
  1141 | D        | Reached skill level 10 in Stealth
  1143 | D        | Arena points: 1529 (+567) [x9]
  1176 | D        | Round 8.
  1255 | D        | Bought 3 potions of experience for 900 gold pieces
  1255 | D        | Bought 3 potions of experience for 900 gold pieces
  1256 | D        | Reached XP level 14. HP: 93/93 MP: 23/23
  1257 | D        | Reached XP level 15. HP: 99/99 MP: 24/24
  1258 | D        | Reached skill level 15 in Unarmed Combat
  1258 | D        | Reached skill level 10 in Earth Magic
  1258 | D        | Reached XP level 16. HP: 105/105 MP: 25/25
  1259 | D        | Reached XP level 17. HP: 110/110 MP: 26/26
  1260 | D        | Reached XP level 18. HP: 117/117 MP: 26/28
  1261 | D        | Reached skill level 11 in Earth Magic
  1261 | D        | Reached XP level 19. HP: 121/121 MP: 26/29
  1296 | D        | Arena points: 2409 (+880) [x10]
  1320 | D        | Bought a book of Annihilations for 420 gold pieces
  1330 | D        | Learned a level 9 spell: Shatter
  1347 | D        | Round 9.
  1432 | D        | Reached skill level 12 in Earth Magic
  1490 | D        | Arena points: 3498 (+1089) [x11]
  1500 | D        | Bought a potion of experience for 300 gold pieces
  1500 | D        | Bought a potion of experience for 300 gold pieces
  1500 | D        | Reached skill level 15 in Fighting
  1500 | D        | Reached XP level 20. HP: 130/130 MP: 32/32
  1501 | D        | Reached XP level 21. HP: 135/135 MP: 33/33
  1511 | D        | Round 10.
  1524 | D        | Arena points: 4668 (+1170) [x13]
  1525 | D        | Got a barnacled rune of Zot
  1529 | D        | Reached skill level 13 in Earth Magic
  1529 | D        | Reached XP level 22. HP: 127/141 MP: 34/34
  1547 | D        | Bought 3 potions of haste for 210 gold pieces
  1547 | D        | Bought 6 potions of brilliance for 168 gold pieces
  1547 | D        | Bought 3 potions of mutation for 168 gold pieces
  1563 | D        | Bought a quad damage for 400 gold pieces
  1588 | D        | Bought a smoking kite shield for 332 gold pieces
  1588 | D        | Identified the +5 kite shield "Setud" {Harm rF+} (You
                  | bought it in a shop in the Dungeon)
  1588 | D        | Bought a jewelled buckler for 332 gold pieces
  1588 | D        | Identified the +0 buckler "Utusmo Appy" {*Slow rF+ Int+4}
                  | (You bought it in a shop in the Dungeon)
  1691 | D        | Round 11.
  1701 | D        | Reached skill level 14 in Earth Magic
  1709 | D        | Reached skill level 15 in Earth Magic
  1756 | D        | Reached skill level 16 in Earth Magic
  1804 | D        | Reached skill level 17 in Earth Magic
  1811 | D        | Arena points: 6362 (+1694) [x14]
  1879 | D        | Round 12.
  1880 | D        | Bought 3 scrolls of blinking for 225 gold pieces
  1880 | D        | Bought 3 scrolls of fog for 60 gold pieces
  1880 | D        | Bought 4 scrolls of fog for 80 gold pieces
  1880 | D        | Bought 5 scrolls of fog for 100 gold pieces
  1880 | D        | Bought 4 scrolls of blinking for 300 gold pieces
  1950 | D        | Bought a book of Power for 294 gold pieces
  1957 | D        | Learned a level 6 spell: Iron Shot
  1980 | D        | Reached skill level 18 in Earth Magic
  1984 | D        | Reached skill level 10 in Spellcasting
  2042 | D        | Arena points: 6482 (+120) [x1]
  2057 | D        | Round 13.
  2097 | D        | Reached skill level 19 in Earth Magic
  2165 | D        | Arena points: 6846 (+364) [x2]
  2179 | D        | Round 14.
  2239 | D        | Reached skill level 20 in Earth Magic
  2288 | D        | Arena points: 7392 (+546) [x3]
  2289 | D        | Reached XP level 23. HP: 145/145 MP: 37/41
  2312 | D        | Round 15.
  2317 | D        | Bought a manual of Dodging for 1600 gold pieces
  2317 | D        | Bought a potion of cancellation for 160 gold pieces
  2324 | D        | Reached skill level 21 in Earth Magic
  2330 | D        | Arena points: 8217 (+825) [x5]
  2331 | D        | Reached skill level 15 in Dodging
  2334 | D        | Got an elven rune of Zot
  2335 | D        | Reached skill level 15 in Spellcasting
  2335 | D        | Reached XP level 24. HP: 153/153 MP: 36/42
  2393 | D        | Bought a quad damage for 400 gold pieces
  2393 | D        | Bought a quad damage for 400 gold pieces
  2408 | D        | Bought 4 potions of haste for 280 gold pieces
  2408 | D        | Bought 3 potions of haste for 210 gold pieces
  2408 | D        | Bought 6 potions of magic for 336 gold pieces
  2408 | D        | Bought a potion of mutation for 56 gold pieces
  2442 | D        | Bought a staff of earth for 750 gold pieces
  2500 | D        | Round 16.
  2508 | D        | Reached skill level 22 in Earth Magic
  2508 | D        | Noticed an ancient lich
  2519 | D        | Killed an ancient lich
  2527 | D        | Noticed Frederick
  2531 | D        | Killed Frederick
  2557 | D        | Reached skill level 23 in Earth Magic
  2614 | D        | Arena points: 9273 (+1056) [x6]
  2658 | D        | Round 17.
  2689 | D        | Arena points: 10939 (+1666) [x7]
  2707 | D        | Round 18.
  2738 | D        | Reached skill level 24 in Earth Magic
  2748 | D        | Bought a pitted tower shield for 332 gold pieces
  2748 | D        | Identified the +0 tower shield of Analysis {Harm rN+ rCorr
                  | Str+3 Slay-6} (You bought it in a shop in the Dungeon)
  2789 | D        | Reached skill level 10 in Shields
  2789 | D        | Arena points: 13387 (+2448) [x8]
  2853 | D        | Round 19.
  2868 | D        | Arena points: 15439 (+2052) [x9]
  2930 | D        | Learned a level 9 spell: Chain Lightning
  2936 | D        | Round 20.
  2953 | D        | Bought a scroll labelled ALEAFR TUACLIODGH for 23 gold
                  | pieces
  2953 | D        | Bought a scroll labelled UGALEAR GABYU for 23 gold pieces
  2953 | D        | Bought a scroll labelled GYASCH DETEFINY for 23 gold pieces
  2953 | D        | Bought a scroll labelled GYASCH DETEFINY for 23 gold pieces
  2963 | D        | Bought 4 potions of curing for 84 gold pieces
  2963 | D        | Bought 3 potions of heal wounds for 105 gold pieces
  2991 | D        | Arena points: 18299 (+2860) [x11]
  2995 | D        | Got a silver rune of Zot
  2996 | D        | Reached XP level 25. HP: 162/162 MP: 44/46
  3030 | D        | Bought a book of Armaments for 252 gold pieces
  3030 | D        | Bought a book of the Sky for 308 gold pieces
  3039 | D        | Learned a level 8 spell: Lehudib's Crystal Spear
  3048 | D        | Learned a level 8 spell: Maxwell's Capacitive Coupling
  3075 | D        | Bought 3 potions of heal wounds for 105 gold pieces
  3075 | D        | Bought 3 potions of heal wounds for 105 gold pieces
  3094 | D        | Bought a flickering jade ring for 215 gold pieces
  3094 | D        | Identified the ring "Ete Ofot" {rElec Will+ rCorr Slay+2}
                  | (You bought it in a shop in the Dungeon)
  3096 | D        | Bought the amulet "Haorulume" {RegenMP Str-3 Int+8} for 902
                  | gold pieces
  3107 | D        | Bought a +6 ring of intelligence for 1111 gold pieces
  3115 | D        | Bought 3 scrolls of identify for 150 gold pieces
  3145 | D        | Bought a scroll labelled TUUTA KOEVAFOX for 43 gold pieces
  3156 | D        | Round 21.
  3172 | D        | Lost mutation: You are dopey. (Int -2) [a neqoxec]
  3197 | D        | Reached skill level 1 in Conjurations
  3202 | D        | Gained mutation: You tend to lose your temper in combat. [a
                  | neqoxec]
  3246 | D        | Arena points: 22079 (+3780) [x12]
  3299 | D        | Round 22.
  3319 | D        | Reached skill level 5 in Air Magic
  3330 | D        | Reached skill level 10 in Air Magic
  3345 | D        | Arena points: 27227 (+5148) [x13]
  3383 | D        | Round 23.
  3440 | D        | Bought the ring of Rajupno {rC+ Will+++ MP+9 Int-2 Dex+3}
                  | for 963 gold pieces
  3459 | D        | Reached skill level 15 in Air Magic
  3482 | D        | Arena points: 33345 (+6118) [x14]
  3522 | D        | Round 24.
  3610 | D        | Arena points: 38385 (+5040) [x15]
  3666 | D        | Round 25.
  3671 | D        | Bought 4 datura-tipped darts for 30 gold pieces
  3696 | D        | Arena points: 44335 (+5950) [x17]
  3697 | D        | Reached skill level 10 in Conjurations
  3697 | D        | Got a slimy rune of Zot
  3698 | D        | Reached XP level 26. HP: 173/173 MP: 29/47
  3722 | D        | Bought a ring of see invisible for 225 gold pieces
  3765 | D        | Bought a scroll of holy word for 82 gold pieces
  3838 | D        | Round 26.
  3845 | D        | Noticed Nellie
  3845 | D        | Noticed Geryon
  3848 | D        | Killed Nellie
  3849 | D        | Reached skill level 15 in Conjurations
  3863 | D        | Killed Geryon
  3863 | D        | Arena points: 51355 (+7020) [x18]
  3913 | D        | Round 27.
  3924 | D        | Found the +4 dragonskin cloak
  3924 | D        | Noticed Tiamat
  3988 | D        | Noticed an orb of fire
  3988 | D        | Noticed a Killer Klown
  3994 | D        | Reached XP level 27. HP: 178/178 MP: 47/47
  4045 | D        | Killed Tiamat
  4057 | D        | Arena points: 51895 (+540) [x1]
  4070 | D        | Got the Orb of Zot
  4090 | D        | Escaped with the Orb!

Illustrated notes

Levels and vault maps discovered:
D:        arena_sprint

Skill      XL: |  1  2  3  4  5  6  7  8  9 10 11 12 13 14 15 16 17 18 19 20 21 22 23 24 25 26 27 |
---------------+----------------------------------------------------------------------------------+-----
Fighting       | 4 5 6 9 10 11 12 13 15 17 19 | 19.0
Short Blades   | 4 5 |  5.8
Throwing       | 4 5 |  5.8
Dodging        | 3 4 6 8 9 10 11 12 13 14 15 19 | 19.0
Evocations     | 3 |  3.0
Stealth        | 6 7 10 | 10.0
Spellcasting   | 3 5 6 7 8 14 15 19 20 21 | 21.7
Transmutations | 3 6 8 9 |  9.0
Earth Magic    | 3 6 8 9 10 11 12 13 20 21 24 | 24.0
Shields        | 4 5 16 | 16.0
Unarmed Combat | 10 11 12 14 15 16 17 18 | 18.0
Conjurations   | 11 17 20 | 20.0
Air Magic      | 20 | 20.0

Action                   |  1- 3 |  4- 6 |  7- 9 | 10-12 | 13-15 | 16-18 | 19-21 | 22-24 | 25-27 || total
-------------------------+-------+-------+-------+-------+-------+-------+-------+-------+-------++-------
Melee: Dagger            |     1 |    31 |    32 |       |       |       |       |       |       ||    64
       Tentacles         |       |    10 |     8 |       |     7 |       |    20 |    58 |    32 ||   135
       Constrict         |       |     8 |     6 |       |     8 |       |    16 |    21 |     5 ||    64
       Punch             |       |     1 |     2 |       |     5 |       |     3 |    23 |    16 ||    50
       Unarmed           |       |       |       |       |    27 |       |    44 |   143 |    68 ||   282
       Staff             |       |       |       |       |       |       |       |     4 |     9 ||    13
Throw: Dart              |     2 |    20 |     6 |       |     2 |       |       |     2 |       ||    32
 Cast: Lee's Rapid Decon |       |       |     9 |       |       |       |       |       |       ||     9
       Statue Form       |       |       |       |       |     2 |       |     3 |    12 |     8 ||    25
       Iron Shot         |       |       |       |       |       |       |       |    11 |     2 ||    13
       Shatter           |       |       |       |       |       |       |       |    27 |    42 ||    69
       Maxwell's Capacit |       |       |       |       |       |       |       |       |     5 ||     5
       Lehudib's Crystal |       |       |       |       |       |       |       |       |     6 ||     6
Invok: Call Merchant     |       |       |       |       |       |       |       |     4 |     6 ||    10
       Bribe Branch      |       |       |       |       |       |       |       |       |     1 ||     1
 Abil: End Transformatio |       |       |       |       |       |       |     1 |     6 |     3 ||    10
Evoke: Wand              |       |       |    10 |       |       |       |       |       |       ||    10
  Use: Potion            |       |       |     2 |     3 |     3 |     3 |     3 |     2 |     4 ||    20
       Scroll            |       |       |     1 |       |       |       |       |       |     4 ||     5
 Stab: Distracted        |       |       |       |       |     1 |       |     1 |     4 |     3 ||     9
Armor: Skin              |       |       |     1 |       |     3 |       |     6 |    38 |    26 ||    74
Dodge: Dodged            |       |    11 |     9 |       |    10 |       |    14 |   116 |    94 ||   254
Block: Buckler           |       |       |     2 |       |     5 |       |     9 |    58 |       ||    74
       Kite shield       |       |       |       |       |       |       |       |     7 |   108 ||   115

Table legend: (Time is in decaauts)
 A = Elapsed time spent in this place.
 B = Non-inter-level travel time spent in this place.
 C = Inter-level travel time spent in this place.
 D = Time resting spent in this place.
 E = Time spent auto-exploring this place.
 F = Levels seen in this place.
 G = Mean time per level.
                   A        B        C        D        E       F      G
               +--------+--------+--------+--------+--------+-----+--------+
         Total |   4433 |   4236 |    197 |     17 |    534 |   1 | 4433.0 |
       Dungeon |   4433 |   4236 |    197 |     17 |    534 |   1 | 4433.0 |
               +--------+--------+--------+--------+--------+-----+--------+

Top non-repeatable levels by time:
       D: 4433 daAuts
